 Dungeon Crawl Stone Soup version 0.16.0-16-g311141a (webtiles) character file.

67153 valak23 the Fencer (level 14, -4/121 HPs)
             Began as a Green Draconian Gladiator on Mar 20, 2015.
             Was an Elder of Yredelemnul.
             Slain by an ice devil (21 damage)
             ... in an ice cave.
             The game lasted 02:23:25 (25089 turns).

valak23 the Fencer (Green Draconian Gladiator)     Turns: 25089, Time: 02:23:25

Health: -4/121     AC: 15    Str: 17    XL:     14   Next: 81%
Magic:  33/33      EV: 19    Int: 11    God:    Yredelemnul [****..]
Gold:   950        SH: 18    Dex: 20    Spells: 2 memorised, 5 levels left

rFire  + + .     SeeInvis .     M - +4 falchion "Xazxy The" {drain, +Fly rF+ rC- rN+ Str-4}
rCold  x . .     Clarity  .     (armour unavailable)
rNeg   + . .     SustAb   .     j - +2 large shield {AC+3}
rPois  +         Gourm    .     c - +2 hat
rElec  +         Spirit   .     u - +0 cloak
rCorr  .         Warding  .     (no gloves)
rMut   .         Stasis   .     Y - +0 pair of boots
MR     +....                    V - amulet of Ghuhoxuel {+Rage rElec rF+ MP+9 Dex-2}
Stlth  ++........               l - +5 ring of dexterity
                                a - +4 ring of dexterity

@: slowed, invisible, very slow, somewhat resistant to hostile enchantments,
unstealthy
A: breathe noxious fumes, unfitting armour, claws 1, stinger 1, clever 1, low mp
1, poison resistance, cold-blooded, AC +8
a: Breathe Noxious Fumes, Animate Dead, Recall Undead Slaves, Injury Mirror,
Drain Life, Renounce Religion, Evoke Berserk Rage, Evoke Flight


You were in an ice cave.
You worshipped Yredelemnul.
Yredelemnul was greatly pleased with you.
You were not hungry.

You visited 5 branches of the dungeon, and saw 23 of its levels.
You also visited: Ossuary and Ice Cave.

You collected 1295 gold pieces.
You spent 345 gold pieces at shops.

Inventory:

Hand weapons
 M - the +4 falchion "Xazxy The" (weapon) {drain, +Fly rF+ rC- rN+ Str-4}
   (You found it on level 10 of the Dungeon)

   A truly terrible weapon, it drains the life of those it strikes.
   It affects your strength (-4).
   It protects you from fire.
   It makes you vulnerable to cold.
   It protects you from negative energy.
   It lets you fly.
Armour
 c - a +2 hat (worn)
 j - a +2 large shield of protection (worn)
 u - a +0 cloak (worn)
 Y - a +0 pair of boots (worn)
Jewellery
 a - a +4 ring of dexterity (left claw)
 h - a +4 ring of intelligence
 l - a +5 ring of dexterity (right claw)
 p - an uncursed ring of protection from magic
 r - an uncursed amulet of resist corrosion
 C - an uncursed ring of sustain abilities
 U - an uncursed ring of ice
 V - the amulet of Ghuhoxuel (around neck) {+Rage rElec rF+ MP+9 Dex-2}
   (You found it on level 2 of the Lair of Beasts)

   [amulet of rage]

   It affects your dexterity (-2).
   It protects you from fire.
   It insulates you from electricity.
   It affects your magic capacity (+9).
   It lets you go berserk.
Magical devices
 d - a wand of polymorph (18)
 k - a wand of fireball (2)
 v - a wand of frost (23)
 w - a wand of fire (6)
 y - a wand of enslavement (16)
 B - a wand of digging (9)
 F - a wand of enslavement (16)
 G - a wand of disintegration (14)
 I - a wand of flame (7)
 J - a wand of fireball (5)
 L - a wand of paralysis (15)
 N - a wand of paralysis (16)
 R - a wand of disintegration (0)
 T - a wand of disintegration (7)
 Z - a wand of lightning (5)
Scrolls
 e - 7 scrolls of remove curse
 f - 2 scrolls of teleportation
 g - 8 scrolls of recharging
 z - 2 scrolls of fog
 D - 2 scrolls of enchant armour
 H - a scroll of amnesia
 P - a scroll of magic mapping
 X - a scroll of identify
Potions
 b - 3 potions of brilliance
 i - 4 potions of agility
 m - a potion of lignification
 o - 4 potions of restore abilities
 s - 2 potions of berserk rage
 E - a potion of invisibility
 K - 2 potions of cancellation
 O - 4 potions of might
 Q - 2 potions of magic
Books
 t - a book of Minor Magic

   Spells                             Type                      Level
   a - Magic Dart                     Conjuration                  1
   b - Blink                          Translocation                2
   c - Call Imp                       Summoning                    2
   d - Repel Missiles                 Charms/Air                   2
   e - Slow                           Hexes                        2
   f - Conjure Flame                  Conjuration/Fire             3
   g - Mephitic Cloud                 Conjuration/Poison/Air       3
Miscellaneous
 S - a box of beasts
 W - a lamp of fire
Comestibles
 n - 9 beef jerkies
 q - 9 fruits
 x - 2 royal jellies
 A - 4 meat rations


   Skills:
 * Level 10.2 Fighting
 * Level 15.9 Long Blades
 + Level 2.1 Throwing
 + Level 11.3 Dodging
 - Level 1.2 Stealth
 + Level 7.8 Shields
 - Level 8.5 Charms
 - Level 9.5 Invocations
 + Level 1.0 Evocations


You had 5 spell levels left.
You knew the following spells:

 Your Spells              Type           Power        Failure   Level  Hunger
a - Haste                 Chrm           ###.....     100%        6    #######
b - Call Imp              Summ           #.......     100%        2    ###....


Dungeon Overview and Level Annotations

Branches:
Dungeon (11/15)            Temple (1/1) D:6            Lair (6/8) D:11
 Shoals (1/5) Lair:3        Snake (4/5) Lair:6        Slime (0/6) Lair:6
    Orc: D:9-12

Altars:
Ashenzari
Cheibriados
Dithmenos
Elyvilon
Fedhas
Gozag
Kikubaaqudgha
Makhleb
Nemelex Xobeh
Okawaru
Qazlal
Ru
Sif Muna
Trog
Vehumet
Xom
Yredelemnul
Zin
The Shining One

Portals:
Trove: D:10 (show abyssal rune of Zot)


Innate Abilities, Weirdness & Mutations

You can breathe blasts of noxious fumes.
Your lurid green scales are hard (AC +8).
Your body does not fit into most forms of armour.
Your tail ends in a poisonous barb.
Your system is resistant to poisons.
Your cold-blooded metabolism reacts poorly to cold.
You have sharp fingernails.
Your mind is acute. (Int +2)
Your magical capacity is low (-10% MP).


Message History

You slash the ice devil!!
The ice devil is almost dead.
You block the ice devil's attack.
You hit the ice devil but do no damage.
You tail-slap the ice devil, but do no damage.
The ice devil is almost dead.
You hit the ice devil but do no damage.
The ice devil is almost dead.
The ice devil hits you!
* * * LOW HITPOINT WARNING * * *
The ice devil freezes you!
You feel a terrible chill!
You feel yourself slow down.
* * * LOW HITPOINT WARNING * * *
Drink which item? (? for menu, Esc to quit)
You fade into invisibility!
The ice devil hits you.
* * * LOW HITPOINT WARNING * * *
The ice devil freezes you!!
You feel a terrible chill!
You die...
Your body rises from the dead as a mindless zombie.

#### ...##### ......∩##
.#......# .###....#
..###.#∩# ...####### ###
...## ##.## ##@##
##..###.).# ###.3.#*
##......3## #.#.#..#***
##.....#.3###...##..#,**
####.####....#.##*.#..,**
**###*##.#.#.## *#.....*
**,##.##..#.#.#* *#.#..**
*,*#.§...##.#..* *.##,,*
,#§§§.§.##.##.## **#**,**


You could see an ice devil.

Vanquished Creatures
  Snorg (Lair:6)
  Fannar (Lair:5)
  6 naga warriors
  5 anacondas
  3 shock serpents (Snake:2)
  5 naga sharpshooters
  2 salamander mystics (Snake:2)
  An ice devil (IceCv)
  3 naga ritualists
  5 mana vipers
  2 hill giants (D:10)
  2 griffons
  6 salamanders
  19 black mambas
  5 spiny frogs
  A torpor snail (Lair:5)
  9 naga magi
  2 komodo dragons
  A gargoyle (D:11)
  A blue devil (IceCv)
  2 slime creatures (Lair:6)
  A merfolk (Shoals:1)
  2 freezing wraiths (IceCv)
  2 fire drakes
  A snapping turtle (Shoals:1)
  8 blink frogs
  33 yaks
  2 wyverns
  Eustachio (D:9)
  A human (D:7)
  8 hippogriffs
  A death yak simulacrum (IceCv)
  22 nagas
  Edmund (D:7)
  2 wolves (Lair:2)
  A mottled dragon (D:10)
  11 water moccasins
  3 spiders (Snake:2)
  A black bear (D:7)
  An orc warrior (D:8)
  3 ice beasts
  3 porcupines
  2 sky beasts
  A necrophage (D:6)
  6 ogres
  3 phantoms
  8 centaurs
  11 giant frogs
  7 crocodiles
  2 big kobolds
  A wyvern skeleton (D:11)
  A gnoll sergeant (D:11)
  2 water moccasin zombies (Ossuary)
  2 scorpions
  A naga zombie (Snake:2)
  6 killer bees (D:10)
  2 giant frog zombies
  3 crimson imps
  A centaur zombie (D:9)
  3 jellies
  A gnoll shaman (D:8)
  5 hounds
  6 orc wizards
  3 orc priests (D:8)
  3 centaur skeletons
  A quasit (D:9)
  7 iguanas
  A polar bear simulacrum (IceCv)
  5 troll simulacra (IceCv)
  9 worker ants
  A hell rat (Lair:2)
  A wolf simulacrum (IceCv)
  5 big kobold zombies (Ossuary)
  Ijyb (D:7)
  4 sheep (D:7)
  3 mummies
  15 gnolls
  50 river rats
  8 adders
  An ogre simulacrum (IceCv)
  A shadow imp (D:11)
  A naga simulacrum (IceCv)
  3 white imps (IceCv)
  2 giant mites
  3 ufetubi (IceCv)
  2 worms
  6 adder zombies
  3 adder skeletons (D:9)
  2 giant geckos
  3 oozes
  12 orcs
  A bat skeleton (D:5)
  A bat zombie (D:6)
  2 giant cockroaches
  4 gnoll zombies (Ossuary)
  14 goblins
  14 hobgoblins
  6 jackals
  26 kobolds
  9 quokkas
  15 bats
  5 giant newts
  A giant spore (D:10)
  A goblin zombie (D:8)
  4 hobgoblin zombies
  4 kobold zombies (Ossuary)
  7 orc zombies (Ossuary)
  A quokka zombie (D:6)
  19 rats
  A river rat zombie (Lair:6)
  2 ballistomycetes (D:10)
  4 fungi
  4 plants
565 creatures vanquished.

Vanquished Creatures (collateral kills)
  Harold (Lair:5)
  2 hydras
  3 naga warriors
  Nessos (Snake:1)
  4 anacondas
  2 shock serpents
  4 naga sharpshooters
  A salamander mystic (Snake:2)
  2 naga ritualists
  2 mana vipers (Snake:1)
  A siren (Lair:3)
  A spiny frog (Lair:2)
  A torpor snail (Lair:6)
  9 black mambas
  2 fire drakes (Lair:4)
  6 naga magi
  A slime creature (Lair:6)
  2 blink frogs
  A black mamba zombie (Snake:3)
  4 flying skulls
  2 wyverns
  10 yaks
  2 wolves
  A hippogriff (Shoals:1)
  3 naga zombies
  12 water moccasins
  15 nagas
  5 spiders (Snake:2)
  A black bear (Lair:3)
  A centaur (D:11)
  A water moccasin zombie (Snake:2)
  A giant frog (Lair:2)
  An electric eel (Lair:1)
  A hound (Lair:6)
  A hell rat (Lair:2)
  3 adders
  8 river rats
  A kobold (D:10)
  A bat (D:10)
  A quokka (Lair:2)
  2 bushes (Lair:6)
  A fungus (Lair:6)
  7 plants
131 creatures vanquished.

Vanquished Creatures (others)
  4 anaconda zombies
  A phantasmal warrior (Snake:1)
  A shock serpent skeleton (Snake:2)
  2 vampires
  13 flying skulls
  7 black mamba zombies
  2 wraiths
  17 naga zombies
  2 blink frog zombies (Lair:4)
  A troll zombie (Lair:6)
  A salamander zombie (Snake:2)
  5 water moccasin zombies
  A spectral naga (Snake:3)
  A salamander skeleton (Snake:1)
  2 hippogriff zombies
  9 yak zombies (Lair:2)
  A wight (Lair:3)
  A crocodile zombie (Lair:4)
  A mottled dragon zombie (D:10)
  A hound zombie (Lair:3)
  A mummy (Lair:4)
  2 river rats (Lair:1)
  A white imp (IceCv)
  An ufetubus (IceCv)
  2 adder zombies (Lair:3)
  An iguana zombie (Lair:5)
  A gnoll zombie (D:11)
  A quokka (D:8)
  13 river rat zombies
  3 plants (Lair:1)
99 creatures vanquished.

Grand Total: 795 creatures vanquished

Notes
Turn   | Place    | Note
--------------------------------------------------------------
     0 | D:1      | valak23, the Draconian Gladiator, began the quest for the Orb.
     0 | D:1      | Reached XP level 1. HP: 17/17 MP: 1/1
   238 | D:1      | Reached XP level 2. HP: 12/24 MP: 2/2
   239 | D:1      | Reached skill level 9 in Long Blades
   239 | D:1      | Reached XP level 3. HP: 14/29 MP: 3/3
   785 | D:2      | Found a basalt altar of Yredelemnul.
   829 | D:2      | Gained mutation: Your tail ends in a poisonous barb. [potion of beneficial mutation]
   956 | D:2      | Reached XP level 4. HP: 28/36 MP: 4/4
  2107 | D:4      | Noticed an ogre
  2112 | D:4      | Killed an ogre
  2112 | D:4      | Reached skill level 10 in Long Blades
  2112 | D:4      | Reached XP level 5. HP: 24/42 MP: 5/5
  2297 | D:4      | Noticed an ogre
  2305 | D:4      | Killed an ogre
  2305 | D:4      | Reached XP level 6. HP: 35/50 MP: 6/6
  2909 | D:5      | Entered Level 5 of the Dungeon
  3043 | D:5      | Reached skill level 1 in Stealth
  3302 | D:5      | Your scales start taking on a lurid green colour.
  3302 | D:5      | Gained mutation: Your system is resistant to poisons. [draconian maturity]
  3302 | D:5      | Reached XP level 7. HP: 57/57 MP: 7/7
  3693 | D:5      | Learned a level 6 spell: Haste
  4572 | D:6      | Found a glowing golden altar of the Shining One.
  4573 | D:6      | Noticed an angel
  4578 | D:6      | Found a basalt altar of Yredelemnul.
  4579 | D:6      | Noticed a profane servitor
  4587 | D:6      | Became a worshipper of Yredelemnul the Dark
  4682 | D:6      | Found a blossoming altar of Fedhas.
  4729 | D:6      | Reached XP level 8. HP: 66/66 MP: 8/8
  4738 | D:6      | Found an opulent altar of Gozag.
  4841 | D:6      | Reached skill level 11 in Long Blades
  4963 | D:6      | Found a staircase to the Ecumenical Temple.
  5349 | D:6      | Reached skill level 1 in Charms
  5700 | Temple   | Entered the Ecumenical Temple
  6181 | D:7      | Noticed Ijyb
  6196 | D:7      | Killed Ijyb
  6217 | D:7      | Found a burning altar of Makhleb.
  6306 | D:7      | Noticed Edmund
  6320 | D:7      | Killed Edmund
  6368 | D:7      | Reached XP level 9. HP: 69/73 MP: 9/9
  6442 | D:7      | Found a white marble altar of Elyvilon.
  6484 | D:7      | Reached skill level 5 in Dodging
  6620 | D:7      | Acquired Yredelemnul's first power
  6624 | D:7      | Gained mutation: Your mind is acute. (Int +2) [mutagenic meat]
  6657 | D:8      | Reached skill level 5 in Fighting
  6859 | D:8      | Found a white marble altar of Elyvilon.
  6967 | D:8      | Found a sand-covered staircase.
  6973 | Ossuary  | Entered an ossuary
  7029 | Ossuary  | Reached skill level 12 in Long Blades
  7304 | D:8      | Reached skill level 1 in Shields
  7529 | D:8      | Acquired Yredelemnul's second power
  7559 | D:8      | Reached XP level 10. HP: 45/81 MP: 10/10
  7585 | D:8      | Lost mutation: Your mind is acute. (Int +2) [potion of cure mutation]
  7585 | D:8      | Lost mutation: Your tail ends in a poisonous barb. [potion of cure mutation]
  7848 | D:8      | Found a sparkling altar of Nemelex Xobeh.
  8000 | D:9      | Noticed Eustachio
  8006 | D:9      | Killed Eustachio
  8757 | D:9      | Found a sacrificial altar of Ru.
  8787 | D:10     | Entered Level 10 of the Dungeon
  8893 | D:10     | Noticed a hill giant
  9037 | D:10     | Got a jewelled falchion
  9047 | D:10     | Identified the +4 falchion "Xazxy The" {drain, +Fly rF+ rC- rN+ Str-4} (You found it on level 10 of the Dungeon)
  9069 | D:10     | Noticed a hill giant
  9077 | D:10     | Killed a hill giant
  9081 | D:10     | Reached skill level 1 in Invocations
  9139 | D:10     | Found a portal to a secret trove of treasure.
  9164 | D:10     | Killed a hill giant
  9902 | D:11     | Found a burning altar of Makhleb.
 10014 | D:11     | Acquired Yredelemnul's third power
 10027 | D:11     | Reached skill level 13 in Long Blades
 10277 | D:11     | Reached XP level 11. HP: 71/89 MP: 15/15
 10296 | D:11     | Found a staircase to the Lair.
 10303 | Lair:1   | Entered Level 1 of the Lair of Beasts
 11287 | Lair:1   | Found a glowing silver altar of Zin.
 11434 | Lair:1   | Reached skill level 5 in Charms
 11466 | Lair:2   | Got a wavering bronze amulet
 11472 | Lair:2   | Identified the amulet of Ghuhoxuel {+Rage rElec rF+ MP+9 Dex-2} (You found it on level 2 of the Lair of Beasts)
 11926 | Lair:2   | Acquired Yredelemnul's fourth power
 11926 | Lair:2   | Received a gift from Yredelemnul
 12267 | Lair:2   | Received a gift from Yredelemnul
 12412 | Lair:2   | Reached skill level 5 in Invocations
 12987 | Lair:3   | Received a gift from Yredelemnul
 13137 | Lair:3   | Noticed a four-headed hydra
 13150 | Lair:3   | Killed a four-headed hydra
 13289 | Lair:3   | Reached XP level 12. HP: 100/100 MP: 21/21
 13494 | Lair:3   | Found a staircase to the Shoals.
 13544 | Shoals:1 | Entered Level 1 of the Shoals
 13643 | Shoals:1 | Reached skill level 14 in Long Blades
 13655 | Shoals:1 | Noticed a merfolk impaler
 14956 | Lair:5   | Noticed Fannar
 14976 | Lair:5   | Killed Fannar
 15004 | Lair:5   | Received a gift from Yredelemnul
 15180 | Lair:5   | Noticed Harold
 15187 | Lair:5   | Killed Harold
 15231 | Lair:5   | Gained mutation: Your mind is acute. (Int +2) [potion of mutation]
 15231 | Lair:5   | Gained mutation: You have sharp fingernails. [potion of mutation]
 15231 | Lair:5   | Gained mutation: Your magical capacity is low (-10% MP). [potion of mutation]
 15307 | Lair:5   | Received a gift from Yredelemnul
 15428 | Lair:5   | Acquired Yredelemnul's fifth power
 15785 | Lair:6   | Found a staircase to the Snake Pit.
 15814 | Snake:1  | Entered Level 1 of the Snake Pit
 15828 | Snake:1  | Received a gift from Yredelemnul
 16078 | Snake:1  | Noticed a naga warrior
 16083 | Snake:1  | Noticed an anaconda
 16096 | Snake:1  | Killed an anaconda
 16126 | Snake:1  | Killed a naga warrior
 16141 | Snake:1  | Noticed an anaconda
 16173 | Snake:1  | Killed an anaconda
 16231 | Snake:1  | Reached XP level 13. HP: 57/107 MP: 21/21
 16438 | Snake:1  | Noticed Nessos
 16682 | Snake:1  | Noticed a naga warrior
 16697 | Snake:1  | HP: 1/107 [naga warrior/flail (5)]
 17110 | Lair:6   | Found a staircase to the Slime Pits.
 17139 | Lair:6   | Noticed Snorg
 17153 | Lair:6   | Killed Snorg
 17368 | Lair:6   | Received a gift from Yredelemnul
 17534 | Lair:6   | Found a runed door.
 17537 | Lair:6   | Noticed a seven-headed hydra
 17547 | Lair:6   | Your ally Snorg died
 17550 | Lair:6   | Killed a seven-headed hydra
 18264 | Snake:1  | Killed a naga warrior
 18634 | Snake:1  | Killed Nessos
 18688 | Snake:1  | Received a gift from Yredelemnul
 18700 | Snake:1  | Noticed an anaconda
 18705 | Snake:1  | Killed an anaconda
 18715 | Snake:1  | Noticed an anaconda
 18724 | Snake:1  | Killed an anaconda
 18724 | Snake:1  | Reached skill level 10 in Dodging
 18779 | Snake:1  | Reached skill level 5 in Shields
 18950 | Snake:1  | Reached skill level 15 in Long Blades
 19253 | Snake:1  | Received a gift from Yredelemnul
 19960 | Snake:2  | Found Phaics' Food Boutique.
 20303 | Snake:2  | Received a gift from Yredelemnul
 20322 | Snake:2  | Learned a level 2 spell: Call Imp
 20957 | Snake:2  | Gained mutation: Your tail ends in a poisonous barb. [draconian growth]
 20957 | Snake:2  | Reached XP level 14. HP: 88/116 MP: 24/24
 21164 | Snake:2  | Received a gift from Yredelemnul
 21179 | Snake:2  | Bought a royal jelly for 20 gold pieces
 21179 | Snake:2  | Bought a royal jelly for 20 gold pieces
 21179 | Snake:2  | Bought a meat ration for 50 gold pieces
 21179 | Snake:2  | Bought a meat ration for 50 gold pieces
 21179 | Snake:2  | Bought a meat ration for 50 gold pieces
 22758 | Snake:2  | Bought 3 fruits for 45 gold pieces
 22758 | Snake:2  | Bought a beef jerky for 15 gold pieces
 22758 | Snake:2  | Bought a fruit for 15 gold pieces
 22758 | Snake:2  | Bought a beef jerky for 15 gold pieces
 22758 | Snake:2  | Bought a beef jerky for 15 gold pieces
 22758 | Snake:2  | Bought a bread ration for 50 gold pieces
 23318 | Snake:3  | Reached skill level 10 in Fighting
 23335 | Snake:3  | Received a gift from Yredelemnul
 23625 | Snake:4  | Found a frozen archway.
 23632 | IceCv    | Entered an ice cave
 24415 | IceCv    | Reached skill level 1 in Evocations
 25060 | IceCv    | Noticed an Ice Fiend
 25089 | IceCv    | Slain by an ice devil

Action                   |  1- 3 |  4- 6 |  7- 9 | 10-12 | 13-15 || total
-------------------------+-------+-------+-------+-------+-------++-------
Melee: Long sword        |    55 |   132 |   331 |   189 |       ||   707
       Falchion          |       |       |       |   585 |   651 ||  1236
Throw: Throwing net      |       |       |     1 |       |       ||     1
Invok: Animate Remains   |       |       |       |     8 |       ||     8
       Animate Dead      |       |       |       |    55 |    57 ||   112
       Recall Undead Sla |       |       |       |     8 |     5 ||    13
       Enslave Soul      |       |       |       |       |     5 ||     5
       Injury Mirror     |       |       |       |       |     3 ||     3
       Drain Life        |       |       |       |       |     1 ||     1
 Abil: Breathe Noxious F |       |       |    22 |    38 |    33 ||    93
Evoke: Wand              |       |       |       |     1 |    21 ||    22
  Use: Potion            |     5 |     6 |     5 |    13 |    13 ||    42
       Scroll            |     7 |    12 |     6 |    12 |    17 ||    54
 Stab: Sleeping          |       |     1 |     2 |     4 |     5 ||    12
       Confused          |       |       |     6 |    18 |     7 ||    31
       Distracted        |       |       |       |     9 |    11 ||    20
  Eat: Bread ration      |       |     2 |       |     4 |     5 ||    11
       Meat ration       |       |       |     2 |     4 |       ||     6
       Fruit             |       |       |     6 |     5 |       ||    11
       Pizza             |       |       |     4 |     2 |     8 ||    14
       Chunk             |       |       |     1 |       |       ||     1
       Beef jerky        |       |       |       |     2 |       ||     2
       Royal jelly       |       |       |       |       |     1 ||     1
